[Event "Titled Tuesday Blitz November 01 Late 2022"]
[White "Ismayil, Malak"]
[Black "Popilski, Gil"]
[WhiteFideId "13412604"]
[BlackFideId "2809060"]
[WhiteElo "1879"]
[BlackElo "2537"]
[Result "1/2-1/2"]
[Round "04"]
[TimeControl "180+1"]
[Date "2022.11.02"]
[WhiteClock "0:00:16"]
[BlackClock "0:00:57"]

1. e4 e5 2. Nf3 Nf6 3. Nxe5 d6 4. Nf3 Nxe4 5. Nc3 Nxc3 6. dxc3 Be7 7. Be3 O-O 8. Qd2 Nd7 9. O-O-O Nf6 10. Bd3 c5 11. h3 Be6 12. Kb1 Qa5 13. a3 d5 14. c4 Qxd2 15. Nxd2 d4 16. Bf4 Rad8 17. b3 b6 18. a4 Bc8 19. Ne4 Bb7 20. Nxf6+ Bxf6 21. f3 Rfe8 22. Rde1 Bh4 23. Rxe8+ Rxe8 24. Kc1 Bf2 25. Rf1 Be3+ 26. Bxe3 Rxe3 27. Kd2 g6 28. c3 a5 29. cxd4 cxd4 30. b4 axb4 31. Rb1 Re6 32. Rxb4 Bc6 33. Rxb6 Bxa4 34. Rxe6 fxe6 35. Be4 Kf7 36. Kd3 e5 37. Bd5+ Ke7 38. c5 Bd7 39. Ke4 Kf6 40. g4 Ba4 41. Kd3 Bb5+ 42. Ke4 Ba4 43. Kd3 Bb5+ 44. Ke4 Ba4 1/2-1/2


[Site "https://www.chess.com"]

[Event "Titled Tuesday Blitz November 01 Late 2022"]
[White "Itkis, Boris"]
[Black "Grot, Blazej"]
[WhiteFideId "1209167"]
[BlackFideId "21835845"]
[WhiteElo "2232"]
[BlackElo "1739"]
[Result "0-1"]
[Round "04"]
[TimeControl "180+1"]
[Date "2022.11.02"]
[WhiteClock "0:01:28"]
[BlackClock "0:01:10"]

1. e4 d6 2. d4 Nf6 3. Nc3 c6 4. Bg5 Qa5 5. Qd2 Nbd7 6. Nf3 b5 7. e5 b4 8. exf6 bxc3 9. bxc3 Nxf6 10. Bd3 Ba6 11. O-O h6 12. Bxf6 gxf6 13. Rfe1 Rg8 14. g3 Bc8 15. Nh4 Qg5 16. Rad1 Qxh4 17. Be4 Bd7 0-1


[Site "https://www.chess.com"]

[Event "Titled Tuesday Blitz November 01 Late 2022"]
[White "Ivic, Velimir"]
[Black "Di Nicolantonio, Lucas"]
[WhiteFideId "950122"]
[BlackFideId "680460"]
[WhiteElo "2852"]
[BlackElo "2579"]
[Result "1-0"]
[Round "04"]
[TimeControl "180+1"]
[Date "2022.11.02"]
[WhiteClock "0:02:56"]
[BlackClock "0:01:47"]

1. e4 g6 2. d4 Bg7 3. Nc3 d6 4. Be3 a6 5. g4 b5 6. Bg2 Bb7 7. h4 h5 8. gxh5 Rxh5 9. Bf3 Rh8 10. h5 gxh5 11. Rxh5 b4 12. Nd5 Rxh5 13. Bxh5 e6 14. Qg4 Kf8 15. Bg5 Qd7 16. Nxb4 Bxe4 17. Qxe4 1-0


[Site "https://www.chess.com"]

[Event "Titled Tuesday Blitz November 01 Late 2022"]
[White "Kamsky, Gata"]
[Black "Poliakova, Varvara"]
[WhiteFideId "2000024"]
[BlackFideId "13518313"]
[WhiteElo "2666"]
[BlackElo "1938"]
[Result "1-0"]
[Round "04"]
[TimeControl "180+1"]
[Date "2022.11.02"]
[WhiteClock "0:00:14"]
[BlackClock "0:00:10"]

1. d4 f5 2. Nc3 d5 3. Bf4 c6 4. e3 e6 5. Nf3 Nf6 6. Bd3 Be7 7. Ne5 O-O 8. O-O Nbd7 9. Ne2 Ne4 10. c4 Ndf6 11. h3 Bd7 12. f3 Nd6 13. c5 Nf7 14. b4 Nxe5 15. Bxe5 Be8 16. a4 Nd7 17. f4 Nxe5 18. fxe5 Bh5 19. g4 fxg4 20. Nf4 Bf7 21. Qxg4 Bg5 22. Kh2 Bxf4+ 23. exf4 Qe7 24. f5 exf5 25. Bxf5 g6 26. e6 Be8 27. Bd3 Rxf1 28. Rxf1 Qg7 29. Qf4 Rc8 30. Qd6 Rc7 31. b5 Re7 32. b6 a5 33. Be2 h5 34. Bd3 h4 35. Rf4 g5 36. Rf5 g4 37. Qf4 g3+ 38. Kg2 Bg6 39. Rg5 Rxe6 40. Qb8+ Kh7 41. Rh5+ 1-0


[Site "https://www.chess.com"]

[Event "Titled Tuesday Blitz November 01 Late 2022"]
[White "Kanyamarala, Tarun"]
[Black "Moreno Perez, Tobias Sebastian"]
[WhiteFideId "45004714"]
[BlackFideId "186716"]
[WhiteElo "2307"]
[BlackElo "2531"]
[Result "0-1"]
[Round "04"]
[TimeControl "180+1"]
[Date "2022.11.02"]
[WhiteClock "0:00:02"]
[BlackClock "0:00:03"]

1. e4 c6 2. Nc3 d5 3. Qf3 d4 4. Bc4 e6 5. Nce2 c5 6. d3 Nc6 7. Qg3 g6 8. h4 Nf6 9. f4 h5 10. Nh3 Ng4 11. Nf2 Nxf2 12. Qxf2 Bd6 13. Bd2 Bd7 14. g3 Na5 15. Bb3 Nxb3 16. axb3 b6 17. O-O a5 18. Kh2 Qc7 19. Ng1 f5 20. Rfe1 O-O-O 21. c3 dxc3 22. bxc3 fxe4 23. dxe4 e5 24. b4 a4 25. bxc5 Bxc5 26. Be3 exf4 27. gxf4 Rhf8 28. Ne2 Bxe3 29. Qxe3 Kb7 30. Reb1 Bg4 31. e5 Bxe2 32. Rxa4 Ba6 33. Rab4 b5 34. c4 Kb8 35. cxb5 Qc2+ 36. Kg1 Bb7 37. Qf2 Rd1+ 38. Rxd1 Qxd1+ 39. Qf1 Rd8 40. Qxd1 Rxd1+ 41. Kf2 Rd2+ 42. Ke3 Rh2 43. f5 gxf5 44. e6 Kc7 45. Rc4+ Kd6 46. b6 Kxe6 47. Rc7 Bd5 48. b7 Rb2 49. Kf4 Rxb7 0-1


[Site "https://www.chess.com"]

[Event "Titled Tuesday Blitz November 01 Late 2022"]
[White "Kanyamarala, Trisha"]
[Black "Burke, Paul"]
[WhiteFideId "45004722"]
[BlackFideId "2605767"]
[WhiteElo "2099"]
[BlackElo "1871"]
[Result "1-0"]
[Round "04"]
[TimeControl "180+1"]
[Date "2022.11.02"]
[WhiteClock "0:00:53"]
[BlackClock "0:00:08"]

1. c4 a6 2. Nc3 d6 3. e4 g6 4. d4 Nd7 5. Nf3 Bg7 6. Be2 h6 7. O-O e6 8. Be3 Ne7 9. Qd2 b6 10. Rab1 Bb7 11. Ne1 e5 12. f4 f5 13. Bf3 fxe4 14. Nxe4 Rb8 15. fxe5 dxe5 16. d5 Nf5 17. Bf2 O-O 18. Bg4 Nf6 19. Nxf6+ Qxf6 20. Nc2 Rbe8 21. Ne3 Qe7 22. b4 Bc8 23. Nxf5 Bxf5 24. Bxf5 Rxf5 25. c5 b5 26. d6 cxd6 27. cxd6 Qd7 28. Rbc1 Rd8 29. Rfd1 Qe6 30. d7 e4 31. Bb6 e3 32. Qxe3 Qxe3+ 33. Bxe3 Rf7 34. Rc7 Be5 35. Rb7 1-0


[Site "https://www.chess.com"]

[Event "Titled Tuesday Blitz November 01 Late 2022"]
[White "Kaplan, Avi Harrison"]
[Black "Ekdyshman, Mikhail"]
[WhiteFideId "30934559"]
[BlackFideId "4149416"]
[WhiteElo "1983"]
[BlackElo "2164"]
[Result "1-0"]
[Round "04"]
[TimeControl "180+1"]
[Date "2022.11.02"]
[WhiteClock "0:01:01"]
[BlackClock "0:00:43"]

1. d4 Nf6 2. c4 c5 3. d5 b5 4. cxb5 a6 5. Nc3 axb5 6. e4 b4 7. Nb5 d6 8. Nf3 g6 9. Bd3 Bg7 10. Bf4 O-O 11. Qd2 Ra6 12. a4 e6 13. Bxd6 Nxe4 14. Bxe4 Rxd6 15. Nxd6 Qxd6 16. O-O f5 17. Bc2 exd5 18. Bb3 Rd8 19. Rfd1 Bb7 20. a5 Kh8 21. Ng5 Qf6 22. Re1 h6 23. Ne6 Rd7 24. Nxc5 Rc7 25. Nxb7 Rxb7 26. Re8+ Kh7 27. Qxd5 1-0


[Site "https://www.chess.com"]

[Event "Titled Tuesday Blitz November 01 Late 2022"]
[White "Khandelwal, Ankush"]
[Black "Yuan, Qingyu"]
[WhiteFideId "413470"]
[BlackFideId "8609772"]
[WhiteElo "2271"]
[BlackElo "2359"]
[Result "0-1"]
[Round "04"]
[TimeControl "180+1"]
[Date "2022.11.02"]
[WhiteClock "0:01:02"]
[BlackClock "0:01:40"]

1. e4 c6 2. d4 d5 3. e5 c5 4. dxc5 e6 5. a3 Bxc5 6. b4 Be7 7. Nf3 a5 8. b5 Nd7 9. Be2 f6 10. Bb2 Nh6 11. O-O Nf7 12. exf6 Bxf6 13. Bc3 O-O 14. Re1 Re8 15. Bd3 e5 16. Bf5 Nb6 17. Bxc8 Qxc8 18. a4 d4 19. Bb2 Nc4 20. Bc1 Qc5 21. Nbd2 Nfd6 22. Nxc4 Nxc4 23. Nd2 Nxd2 24. Bxd2 e4 25. Rc1 e3 26. fxe3 dxe3 27. Bxe3 Rxe3 28. Qd5+ Qxd5 0-1


[Site "https://www.chess.com"]

[Event "Titled Tuesday Blitz November 01 Late 2022"]
[White "Kodinets, Konstantin L."]
[Black "Mahdavi, Reza"]
[WhiteFideId "4122011"]
[BlackFideId "12595926"]
[WhiteElo "2564"]
[BlackElo "2851"]
[Result "0-1"]
[Round "04"]
[TimeControl "180+1"]
[Date "2022.11.02"]
[WhiteClock "0:00:06"]
[BlackClock "0:00:10"]

1. d4 Nf6 2. Nf3 g6 3. Bg5 Bg7 4. Nbd2 d5 5. e3 O-O 6. Bd3 c5 7. c3 Nc6 8. O-O b6 9. Qb1 Bb7 10. b4 cxd4 11. cxd4 a6 12. a3 h6 13. Bh4 g5 14. Bg3 Nh5 15. Ra2 Nxg3 16. hxg3 e6 17. Rc1 Qd6 18. Rac2 Rfc8 19. g4 Ne7 20. Rxc8+ Rxc8 21. Rxc8+ Bxc8 22. Nb3 f6 23. Qf1 b5 24. Nc5 e5 25. Be2 Bxg4 26. a4 e4 27. Nd2 Bxe2 28. Qxe2 bxa4 29. Nxa6 Qb6 30. b5 Nc8 31. Nb1 Qa5 32. Qc2 Nd6 33. Na3 Bf8 34. Qc6 Qe1+ 35. Kh2 Qxf2 36. Qxd5+ Kg7 37. b6 Nf5 38. Qb7+ Kg6 39. Nc4 Qh4+ 40. Kg1 Bd6 41. Nxd6 Qe1+ 42. Kh2 Qg3+ 43. Kg1 Nxd6 44. Qd7 Qxe3+ 45. Kh1 Qc1+ 46. Kh2 Qf4+ 47. Kg1 e3 48. Nc5 Qf2+ 49. Kh2 Qh4+ 50. Kg1 Qxd4 51. Ne6 e2+ 52. Nxd4 e1=Q+ 53. Kh2 Qe5+ 54. Kh1 Qxd4 55. Qxa4 Qxa4 56. b7 Nxb7 57. Kh2 Qh4+ 0-1


[Site "https://www.chess.com"]

[Event "Titled Tuesday Blitz November 01 Late 2022"]
[White "Korchmar, Vasiliy"]
[Black "Storey, Charles H"]
[WhiteFideId "24131750"]
[BlackFideId "406686"]
[WhiteElo "2370"]
[BlackElo "2252"]
[Result "0-1"]
[Round "04"]
[TimeControl "180+1"]
[Date "2022.11.02"]
[WhiteClock "0:00:02"]
[BlackClock "0:00:27"]

1. e4 g6 2. d4 Bg7 3. Nc3 c5 4. d5 d6 5. Bb5+ Bd7 6. a4 Nf6 7. Nf3 O-O 8. O-O Bxb5 9. axb5 Nbd7 10. Qe2 Ne8 11. Bf4 f6 12. Nd2 Nc7 13. Nc4 Nb6 14. Na5 Rb8 15. h3 Qd7 16. Bg3 f5 17. exf5 Rxf5 18. Nc4 Nbxd5 19. Nxd5 Nxd5 20. Rxa7 Nf4 21. Bxf4 Rxf4 22. Nb6 Qf5 23. Qxe7 Bd4 24. Qxd6 Rxf2 25. Qxb8+ Qf8 26. Qxf8+ Rxf8+ 27. Kh2 Rxf1 28. Rxb7 Be5+ 29. g3 Rf2+ 30. Kg1 Rxc2 31. Nd7 Bd4+ 32. Kf1 Rxb2 33. b6 c4 34. Rc7 Bxb6 35. Rxc4 Be3 36. Rc7 Rf2+ 37. Ke1 Rf7 38. Rc8+ Kg7 0-1


[Site "https://www.chess.com"]

[Event "Titled Tuesday Blitz November 01 Late 2022"]
[White "Kravtsiv, Martyn"]
[Black "Tokhirjonova, Gulrukhbegim"]
[WhiteFideId "14113147"]
[BlackFideId "14203626"]
[WhiteElo "2802"]
[BlackElo "2560"]
[Result "0-1"]
[Round "04"]
[TimeControl "180+1"]
[Date "2022.11.02"]
[WhiteClock "0:00:02"]
[BlackClock "0:00:08"]

1. e4 e5 2. Nf3 Nc6 3. Nc3 Nf6 4. a4 g6 5. Bc4 Bg7 6. d3 O-O 7. Bg5 h6 8. Be3 d6 9. h3 Be6 10. Bxe6 fxe6 11. Ne2 Nh5 12. c3 d5 13. Qb3 Qd7 14. a5 Kh7 15. O-O Rxf3 16. gxf3 Rf8 17. Kg2 Qf7 18. Ng1 d4 19. Bd2 g5 20. Qxb7 Ne7 21. Qxc7 Qf6 22. cxd4 Ng6 23. dxe5 Nh4+ 24. Kh1 Qg6 25. Rae1 Nf4 26. Re3 Nxh3 27. Nxh3 Nxf3 28. Rxf3 Rxf3 29. Kg2 Rxd3 30. Nxg5+ hxg5 31. Rh1+ Kg8 32. Qb8+ Bf8 33. Be3 Qxe4+ 34. Kg3 Qxh1 35. Qc8 Qh4+ 36. Kg2 Qe4+ 37. Kh2 Qf5 38. a6 Qxe5+ 39. Kg2 Qd5+ 40. Kh2 Qd7 41. Qc2 Bd6+ 42. Kg2 Bf4 43. Bxa7 Qd5+ 44. Kf1 Rd1+ 45. Ke2 Rd2+ 0-1


[Site "https://www.chess.com"]

[Event "Titled Tuesday Blitz November 01 Late 2022"]
[White "Krzywda, Andrzej"]
[Black "Taboas Rodriguez, Daniel"]
[WhiteFideId "1114565"]
[BlackFideId "2208466"]
[WhiteElo "2149"]
[BlackElo "2429"]
[Result "1-0"]
[Round "04"]
[TimeControl "180+1"]
[Date "2022.11.02"]
[WhiteClock "0:00:06"]
[BlackClock "0:00:23"]

1. e4 e5 2. Nf3 Nf6 3. Nxe5 d6 4. Nf3 Nxe4 5. d4 d5 6. c4 Bb4+ 7. Nbd2 O-O 8. Be2 dxc4 9. O-O Nc6 10. Nxe4 Re8 11. Nc3 Bg4 12. h3 Bh5 13. Be3 Bxc3 14. bxc3 b5 15. a4 a6 16. axb5 axb5 17. Rxa8 Qxa8 18. Qb1 Rb8 19. d5 Ne7 20. Rd1 Nxd5 21. Bd4 Nf4 22. Qc2 Re8 23. Be3 Nxh3+ 24. gxh3 Bxf3 25. Bxf3 Qxf3 26. Kh2 h5 27. Qd2 Re6 28. Qd8+ Kh7 29. Qd5 Rf6 30. Qxf3 Rxf3 31. Rd5 c6 32. Rxh5+ Kg6 33. Rc5 Rf6 34. Kg3 Rd6 35. Bd4 f6 36. h4 Kf7 37. Kg4 Ke6 38. h5 Kd7 39. Kf5 Re6 40. Kg6 Re7 41. f4 Kd6 42. Rf5 Rb7 43. h6 gxh6 44. Bxf6 c5 45. Be5+ Kc6 46. Rf6+ Kd5 47. Kxh6 b4 48. cxb4 cxb4 49. Rd6+ Kc5 50. f5 c3 51. Rg6 Kd5 52. Bf6 c2 53. Bb2 b3 54. Rg7 Ra7 55. f6 Ra2 56. f7 Rxb2 57. f8=Q c1=Q+ 58. Kh7 Qc6 59. Rg5+ Kc4 60. Qf4+ Kc3 61. Rg3+ Kc2 62. Qf2+ Kb1 63. Qg1+ Ka2 64. Qa7+ Kb1 65. Rg1+ Kc2 66. Qf2+ Kd3 67. Rg3+ Ke4 68. Qf3+ Ke5 69. Qxc6 Rc2 70. Qb5+ Kf4 71. Qxb3 Rf2 72. Qe3+ Kf5 73. Qxf2+ 1-0


[Site "https://www.chess.com"]

[Event "Titled Tuesday Blitz November 01 Late 2022"]
[White "Krzyzanowski, Marcin"]
[Black "Malka, Samuel"]
[WhiteFideId "1132199"]
[BlackFideId "20643675"]
[WhiteElo "2435"]
[BlackElo "2452"]
[Result "1-0"]
[Round "04"]
[TimeControl "180+1"]
[Date "2022.11.02"]
[WhiteClock "0:01:47"]
[BlackClock "0:00:36"]

1. d4 Nf6 2. Nc3 d5 3. Bf4 g6 4. e3 Bg7 5. h4 h5 6. Nf3 O-O 7. Be2 c5 8. Nb5 Na6 9. c3 Ne4 10. a4 f6 11. Nd2 e5 12. Nxe4 exf4 13. Nxc5 Nxc5 14. dxc5 fxe3 15. fxe3 Qe7 16. Qxd5+ Kh7 17. e4 Rd8 18. Nd6 Be6 19. Qxb7 Bd7 20. O-O-O Rab8 21. Qa6 f5 22. Bb5 Qxe4 23. Nxe4 1-0


[Site "https://www.chess.com"]

[Event "Titled Tuesday Blitz November 01 Late 2022"]
[White "Ladan, Nicholas"]
[Black "Amburgy, Ryan"]
[WhiteFideId "30918855"]
[BlackFideId "30924820"]
[WhiteElo "2523"]
[BlackElo "2745"]
[Result "1/2-1/2"]
[Round "04"]
[TimeControl "180+1"]
[Date "2022.11.02"]
[WhiteClock "0:00:04"]
[BlackClock "0:00:10"]

1. d4 Nf6 2. c4 e6 3. g3 d5 4. Nf3 Bb4+ 5. Bd2 Bd6 6. Bg2 O-O 7. O-O c6 8. Bg5 Nbd7 9. Nbd2 h6 10. Bxf6 Nxf6 11. e3 b6 12. a4 Ba6 13. Qc2 Bb4 14. b3 Rc8 15. Ne5 Re8 16. Rfc1 Nd7 17. Ndf3 Nxe5 18. Nxe5 Bd6 19. Nd3 Qe7 20. c5 Bb8 21. b4 bxc5 22. Nxc5 Bc4 23. Bf1 Bxf1 24. Kxf1 e5 25. Qf5 Bd6 26. Kg2 g6 27. Qf3 e4 28. Qe2 h5 29. h4 Rb8 30. b5 cxb5 31. axb5 Rec8 32. Na6 Rxc1 33. Rxc1 Rb7 34. Rc6 Rb6 35. Rc8+ Kh7 36. Nc5 Rb8 37. Rc6 Bc7 38. Qa2 Rxb5 39. Qxd5 Bb6 40. Qd6 Qxd6 41. Rxd6 f5 42. Rd7+ Kg8 43. Ne6 a5 44. Rg7+ Kh8 45. Rxg6 a4 46. Rf6 a3 47. Rf8+ Kh7 48. Ra8 Ba5 49. Nc5 a2 50. Nb3 Bc3 51. Ra7+ Kg6 52. Rxa2 Rxb3 53. Ra6+ Kg7 54. Ra5 Kf6 55. Ra6+ Ke7 56. Rh6 Be1 57. Rxh5 Kf6 58. g4 fxg4 59. Kg3 Rb2 60. Kxg4 Rxf2 61. Rh6+ Ke7 62. Rh5 Kd6 63. Re5 Rg2+ 64. Kf5 Bxh4 65. Kxe4 Rg3 66. Kd3 Bg5 67. Re4 Rh3 68. Re5 Bf6 69. Re4 Kd5 70. Re8 Rh1 71. e4+ Kc6 72. e5 Bg5 73. Re6+ Kd7 74. Rd6+ Ke7 75. Ke4 Rf1 76. Kd5 Be3 77. Re6+ Kf7 78. Rf6+ Rxf6 79. exf6 Bxd4 80. Kxd4 Kxf6 1/2-1/2


[Site "https://www.chess.com"]

[Event "Titled Tuesday Blitz November 01 Late 2022"]
[White "Lazavik, Denis"]
[Black "Danielyan, Vahe"]
[WhiteFideId "13515110"]
[BlackFideId "13304828"]
[WhiteElo "2437"]
[BlackElo "2421"]
[Result "1-0"]
[Round "04"]
[TimeControl "180+1"]
[Date "2022.11.01"]
[WhiteClock "0:01:44"]
[BlackClock "0:02:04"]

1. d4 e6 2. c4 f5 3. Nf3 Nf6 4. g3 b6 5. Bg2 Bb7 6. O-O Be7 7. d5 O-O 8. Nc3 Na6 9. Nd4 Nc5 10. Bf4 Nce4 11. Nxe4 fxe4 12. dxe6 d5 13. cxd5 Qxd5 14. Bh3 Rad8 15. Nf5 Qc5 16. Qc1 Rfe8 17. Be3 Qe5 18. Bf4 Qb5 19. Qxc7 Nd5 20. Qxb7 Bf6 21. Qf7+ Kh8 22. Nd6 1-0


[Site "https://www.chess.com"]

[Event "Titled Tuesday Blitz November 01 Late 2022"]
[White "Leitao, Rafael"]
[Black "Veleshnja, Zino"]
[WhiteFideId "2101246"]
[BlackFideId "4701313"]
[WhiteElo "2609"]
[BlackElo "2167"]
[Result "1-0"]
[Round "04"]
[TimeControl "180+1"]
[Date "2022.11.02"]
[WhiteClock "0:02:03"]
[BlackClock "0:02:22"]

1. c4 Nf6 2. Nc3 e6 3. e4 d5 4. e5 d4 5. exf6 dxc3 6. bxc3 Qxf6 7. Nf3 c5 8. d4 Qd8 9. Bd3 Be7 10. h4 Nc6 11. Be3 Qa5 12. O-O Qxc3 13. Rc1 Qa5 14. d5 Nb4 15. Bb1 exd5 16. cxd5 Bg4 17. d6 O-O-O 18. Rxc5+ Qxc5 19. Bxc5 1-0


[Site "https://www.chess.com"]

[Event "Titled Tuesday Blitz November 01 Late 2022"]
[White "Leiva, Gianmarco"]
[Black "Przybylski, Wojciech"]
[WhiteFideId "3804399"]
[BlackFideId "1117599"]
[WhiteElo "2285"]
[BlackElo "2221"]
[Result "1-0"]
[Round "04"]
[TimeControl "180+1"]
[Date "2022.11.02"]
[WhiteClock "0:00:35"]
[BlackClock "0:00:01"]

1. e4 e5 2. Nf3 Nf6 3. Nc3 Nc6 4. h3 a6 5. Bc4 Nxe4 6. O-O Nxc3 7. dxc3 Be7 8. Qd5 O-O 9. Nxe5 Nxe5 10. Qxe5 Bf6 11. Qg3 d5 12. Bd3 Be6 13. Be3 Re8 14. Bd4 Rc8 15. b4 a5 16. a3 b6 17. Ba6 Ra8 18. Bb5 Rf8 19. Rfe1 axb4 20. axb4 Rxa1 21. Rxa1 Bxd4 22. cxd4 Bd7 23. Bd3 c6 24. Qd6 Be6 25. Qxc6 Qg5 26. Ra8 g6 27. Rxf8+ Kxf8 28. Qd6+ Kg8 29. Qb8+ Kg7 30. Qe5+ Qxe5 31. dxe5 Kf8 32. c3 Ke7 33. f4 f6 34. Kf2 fxe5 35. fxe5 Bc8 36. Ke3 Ke6 37. Kd4 Bb7 38. h4 Ba8 39. g4 Bb7 40. Be2 h6 41. Bd3 g5 42. Bf5+ Ke7 43. hxg5 hxg5 44. b5 Ba8 45. Bd3 Bb7 46. Be2 Ba8 47. Bf3 Bb7 48. Bxd5 Bc8 49. Bf3 Be6 50. c4 Kd8 51. c5 Kc7 52. Be2 Bd7 53. Kd5 1-0


[Site "https://www.chess.com"]

[Event "Titled Tuesday Blitz November 01 Late 2022"]
[White "Li, Ben"]
[Black "Jimenez Almeida, Luis David"]
[WhiteFideId "2089980"]
[BlackFideId "22242244"]
[WhiteElo "2761"]
[BlackElo "2538"]
[Result "1-0"]
[Round "04"]
[TimeControl "180+1"]
[Date "2022.11.02"]
[WhiteClock "0:00:05"]
[BlackClock "0:00:02"]

1. d4 g6 2. e4 Bg7 3. c4 c5 4. d5 b5 5. cxb5 a6 6. Nc3 d6 7. Nf3 Nf6 8. a4 O-O 9. Bd2 Nfd7 10. Bd3 Qc7 11. O-O c4 12. Be2 Ne5 13. Nxe5 Bxe5 14. f4 Bg7 15. Kh1 Nd7 16. Qc2 Bb7 17. Be3 Rfc8 18. Rfc1 h5 19. Rf1 axb5 20. axb5 Nc5 21. Rxa8 Bxa8 22. f5 Nd7 23. Qd2 Ne5 24. Bd4 Qa5 25. fxg6 fxg6 26. Qg5 Rf8 27. Rd1 Bf6 28. Qg3 Kh7 29. h3 Qb4 30. Rd2 Bb7 31. b6 Ra8 32. Kh2 Ra6 33. Qe3 Bg7 34. Bf1 Bh6 35. Qf2 Bxd2 36. Qxd2 Ra8 37. Qf4 Rg8 38. Be2 Rg7 39. Qd2 Qb3 40. Nd1 Bc8 41. Ne3 Rf7 42. Qe1 Nd3 43. Qg3 Nc5 44. Qg5 Nxe4 45. Qh4 Nf6 46. Bxc4 Qb4 47. Bd3 Qd2 48. Bxf6 exf6 49. Qxh5+ Kg8 50. Qxg6+ Rg7 51. Qe8# 1-0


[Site "https://www.chess.com"]

[Event "Titled Tuesday Blitz November 01 Late 2022"]
[White "Lopez Del Alamo, Antonio"]
[Black "Martinez Molina, Carlos Alberto"]
[WhiteFideId "2227339"]
[BlackFideId "5122708"]
[WhiteElo "2175"]
[BlackElo "2212"]
[Result "1-0"]
[Round "04"]
[TimeControl "180+1"]
[Date "2022.11.02"]
[WhiteClock "0:00:18"]
[BlackClock "0:00:13"]

1. e4 c5 2. Nf3 e6 3. d3 Nc6 4. g3 Nf6 5. Bg2 d5 6. Nbd2 Be7 7. O-O O-O 8. e5 Nd7 9. Re1 b5 10. Nf1 a5 11. h4 b4 12. Bf4 Ba6 13. c3 a4 14. a3 bxa3 15. bxa3 Qc7 16. N1h2 Rfb8 17. Bf1 Nf8 18. Ng5 h6 19. Qh5 Ng6 20. Ng4 Bxg5 21. hxg5 hxg5 22. Nf6+ Kf8 23. Bxg5 Nce7 24. Qh7 Rb2 25. Bh6 Nf5 26. Qg8+ Ke7 27. Qxa8 gxf6 28. Qxa6 Nxe5 29. Bc1 Nf3+ 30. Kh1 Rb8 31. Bf4 Qd8 32. Bh3 Qh8 33. Kg2 Nxe1+ 34. Rxe1 Rg8 35. Bxf5 Qh5 36. Bh3 Rh8 37. Qb7+ Kf8 38. Bd6+ Kg7 39. Rh1 Qg6 40. Bxe6 Rxh1 41. Kxh1 Qh5+ 42. Kg2 Qg6 43. Qxf7+ Qxf7 44. Bxf7 Kxf7 45. Bxc5 Ke6 46. Bd4 Kf5 47. f3 Kg5 48. Kf2 f5 49. Ke3 Kg6 50. f4 Kf7 51. Kf3 Kg6 52. g4 fxg4+ 53. Kxg4 Kf7 54. f5 Ke7 55. Kg5 Kf7 56. f6 Kf8 57. Kg6 Kg8 58. f7+ Kf8 59. Bc5# 1-0


[Site "https://www.chess.com"]

[Event "Titled Tuesday Blitz November 01 Late 2022"]
[White "Makarian, Rudik"]
[Black "Svane, Rasmus"]
[WhiteFideId "44105681"]
[BlackFideId "4657101"]
[WhiteElo "2405"]
[BlackElo "2674"]
[Result "1/2-1/2"]
[Round "04"]
[TimeControl "180+1"]
[Date "2022.11.01"]
[WhiteClock "0:00:09"]
[BlackClock "0:00:06"]

1. d3 d5 2. f4 Nf6 3. Nf3 g6 4. Nbd2 d4 5. g3 Bg7 6. Bg2 Nd5 7. Nc4 O-O 8. O-O c5 9. e4 dxe3 10. c3 Nc6 11. Qe2 Bf5 12. Rd1 Qd7 13. Bxe3 b6 14. Bf2 Rad8 15. Nce5 Nxe5 16. Nxe5 Qc8 17. d4 cxd4 18. Bxd4 Rd6 19. Nc4 Re6 20. Qf1 Bxd4+ 21. Rxd4 Nf6 22. Ne5 Rd8 23. Rad1 Rxd4 24. Rxd4 Qc5 25. Qf2 Rd6 26. Rxd6 Qxd6 27. Qd4 Qxd4+ 28. cxd4 Kf8 29. Kf2 Be6 30. a3 Ke8 31. Ke3 Bd5 32. Bxd5 Nxd5+ 33. Ke4 Nf6+ 34. Kd3 Nd5 35. Kc4 Nc7 36. d5 f6 37. Nc6 a6 38. a4 Kd7 39. a5 bxa5 40. Nxa5 e6 41. dxe6+ Nxe6 42. Kd5 h5 43. b4 h4 44. Nb7 hxg3 45. hxg3 Ng7 46. Nc5+ Kc7 47. Nxa6+ Kb6 48. Nc5 Nh5 49. Ke6 Nxg3 50. Kxf6 Kb5 51. Kxg6 Kxb4 52. Ne6 Kc4 53. Kg5 Kd5 54. Nc7+ Kd6 55. Nb5+ Ke7 56. Nc3 Kf7 57. Kg4 Nf1 58. Kf3 Nd2+ 59. Ke3 Nc4+ 60. Kd4 Nd6 61. Ke5 Nc4+ 62. Ke4 Nd6+ 63. Kd5 Nf5 64. Ke5 Nh4 65. Ne4 Ng6+ 66. Kf5 Nxf4 1/2-1/2


[Site "https://www.chess.com"]

[Event "Titled Tuesday Blitz November 01 Late 2022"]
[White "Marcolino, Daniel Mattos"]
[Black "Kekic, Armin"]
[WhiteFideId "2106841"]
[BlackFideId "14401274"]
[WhiteElo "2074"]
[BlackElo "2132"]
[Result "0-1"]
[Round "04"]
[TimeControl "180+1"]
[Date "2022.11.02"]
[WhiteClock "0:00:02"]
[BlackClock "0:00:25"]

1. d4 d6 2. Nf3 Nc6 3. g3 e5 4. dxe5 Nxe5 5. Nxe5 dxe5 6. Qxd8+ Kxd8 7. Bg2 c6 8. O-O Be6 9. b3 Kc7 10. Bb2 f6 11. c4 a5 12. Nc3 Bb4 13. Rfd1 Nh6 14. e3 Rhd8 15. Kf1 Bg4 16. Rxd8 Rxd8 17. h3 Bf5 18. e4 Be6 19. Ke2 Nf7 20. Rd1 Nd6 21. a3 Bc5 22. Na4 Ba7 23. Bc3 b6 24. c5 Nc8 25. Rxd8 Kxd8 26. cxb6 Nxb6 27. Bxa5 Kc7 28. Nxb6 Bxb6 29. Bxb6+ Kxb6 30. b4 Kb5 31. Kd3 Ka4 32. Kc3 Kxa3 33. f4 Ka2 34. Bf1 Kb1 35. f5 Bc8 36. g4 Kc1 37. h4 Kd1 38. g5 Ke1 39. Bc4 Kf2 40. gxf6 gxf6 41. Bf7 Ke3 42. Be8 Kxe4 43. Bxc6+ Kxf5 44. b5 Kg4 45. b6 Kxh4 46. b7 Bxb7 47. Bxb7 Kg3 48. Kd3 f5 49. Ke3 h5 50. Bc8 Kg4 51. Bd7 h4 52. Kf2 Kf4 53. Bc8 e4 54. Bd7 Ke5 55. Ke3 f4+ 56. Kf2 Kd4 57. Bc8 Kd3 58. Ba6+ Kd2 59. Bb7 e3+ 60. Kf3 e2 0-1


[Site "https://www.chess.com"]

[Event "Titled Tuesday Blitz November 01 Late 2022"]
[White "Melikyan, Gnel"]
[Black "Mickiewicz, Piotr"]
[WhiteFideId "54109990"]
[BlackFideId "1114891"]
[WhiteElo "2138"]
[BlackElo "2246"]
[Result "1-0"]
[Round "04"]
[TimeControl "180+1"]
[Date "2022.11.02"]
[WhiteClock "0:01:24"]
[BlackClock "0:00:11"]

1. e4 c6 2. Nc3 d5 3. Nf3 Nf6 4. Qe2 Nxe4 5. Nxe4 dxe4 6. Qxe4 Qd5 7. Qxd5 cxd5 8. d4 Nc6 9. c3 Bg4 10. Be2 e6 11. h3 Bh5 12. O-O Bd6 13. Re1 O-O 14. g4 Bg6 15. Nh4 Bc2 16. Be3 h6 17. f4 Be4 18. Nf3 f6 19. Rad1 g5 20. fxg5 fxg5 21. Rf1 Bf4 22. Bxf4 Rxf4 23. Nd2 Raf8 24. Nxe4 Rxe4 25. Rxf8+ Kxf8 26. Bf3 Rf4 27. Kg2 Ne7 28. Kg3 b6 29. Re1 Kf7 30. h4 Ng6 31. hxg5 hxg5 32. Rh1 Nf8 33. Rh5 Kf6 34. Rh6+ Kg7 35. Rh5 Kg6 36. Be2 Rf6 37. Bd3+ Kg7 38. Rxg5+ Kf7 39. Rh5 Ke7 40. g5 Rf7 41. Kg4 Rg7 42. Rh6 a5 43. b3 Nd7 44. Rh7 Nf8 45. Rxg7+ 1-0


[Site "https://www.chess.com"]